 Dungeon Crawl Stone Soup version 0.31-a0-1589-g8f5e8aebd6 (webtiles) character file.

Game seed: 9270533553167827836

609 shadizar the Trooper (level 7, -1/45 HPs)
             Began as a Gargoyle Fighter on Jan 5, 2024.
             Was an Initiate of Okawaru.
             Slain by a hound (5 damage)
             ... on level 4 of the Dungeon.
             The game lasted 00:03:52 (2383 turns).

shadizar the Trooper (Gargoyle Fighter)             Turns: 2383, Time: 00:03:53

Health: -1/45      AC: 15    Str: 22    XL:     7   Next: 43%
Magic:  7/7        EV: 10    Int:  8    God:    Okawaru [......]
Gold:   206        SH:  4    Dex:  9    Spells: 6/6 levels left

rFire   . . .        g - +1 flail (holy)
rCold   . . .        c - +0 buckler
rNeg    + + .        b - +0 scale mail
rPois   ∞            (no helmet)
rElec   +            l - +2 cloak {rCorr}
rCorr   +            (no gloves)
SInv    .            (no boots)
Will    .....        (no amulet) Stlth
                     h - ring of positive energy
HPRegen 0.27/turn    (no ring)
MPRegen 0.10/turn

%: no passive effects
@: no status effects
A: sickness immunity, AC +4, negative energy resistance 1, electricity
resistance, torment resistance 1, petrification resistance
a: Renounce Religion


You were on level 4 of the Dungeon.
You worshipped Okawaru.
Okawaru was noncommittal.
You visited 2 branches of the dungeon, and saw 5 of its levels.

You collected 206 gold pieces.

Inventory:

Hand Weapons
 g - a +1 flail of holy wrath (weapon)
Armour
 b - a +0 scale mail (worn)
 c - a +0 buckler (worn)
 l - a +2 cloak of preservation (worn)
Jewellery
 h - a ring of positive energy (left hand)
Scrolls
 d - a scroll of poison {unknown}
 e - a scroll of enchant armour {unknown}
 j - a scroll of fear {unknown}
 k - a scroll of identify {unknown}
 o - a scroll of summoning {unknown}
Potions
 a - 2 potions of enlightenment {unknown}
 f - 2 potions of lignification {unknown}
 i - 3 potions of curing {unknown}
 m - a potion of mutation {unknown}
 n - a potion of heal wounds {unknown}


   Skills:
 * Level 5.6 Fighting
 + Level 3.7 Maces & Flails
 + Level 4.8 Armour
 + Level 2.4 Dodging
 + Level 4.7 Shields


You had 6 spell levels left.
You didn't know any spells.
Your spell library contained the following spells:

 Spells                   Type           Power      Damage    Failure   Level
 Freeze                   Ice            0%         1d3       78%         1
 Kiss of Death            Conj/Necr      0%         2d5       78%         1
 Blink                    Tloc           0%         N/A       89%         2
 Lesser Beckoning         Tloc           0%         N/A       89%         2
 Mercury Vapours          Alch/Air       0%         N/A       89%         2
 Momentum Strike          Conj/Tloc      0%         3d8       89%         2
 Confusing Touch          Hex            0%         N/A       98%         3
 Dazzling Flash           Conj/Hex       0%         N/A       98%         3
 Frozen Ramparts          Ice            0%         1d1       98%         3
 Fugue of the Fallen      Necr           0%         N/A       98%         3
 Hailstorm                Conj/Ice       0%         3d5       98%         3
 Mephitic Cloud           Conj/Alch/Air  0%         N/A       98%         3
 Ozocubu's Armour         Ice            0%         N/A       98%         3
 Volatile Blastmotes      Fire/Tloc      0%         2d10      98%         3
 Dispel Undead            Necr           0%         3d6       100%        4
 Manifold Assault         Tloc           0%         N/A       100%        4
 Freezing Cloud           Conj/Ice/Air   0%         6-21      100%        5
 Starburst                Conj/Fire      0%         6d3       100%        6
 Maxwell's Capacitive Co  Air            0%         ∞         100%        8


Dungeon Overview and Level Annotations

Branches:
Dungeon (4/15)             Temple (1/1) D:4

Altars:
Ashenzari
Cheibriados
Dithmenos
Elyvilon
Fedhas
Gozag
Hepliaklqana
Kikubaaqudgha
Makhleb
Nemelex Xobeh
Okawaru
Trog
Vehumet
Wu Jian
Xom
Yredelemnul
Zin
The Shining One


Innate Abilities, Weirdness & Mutations

You are immune to sickness and miasma.
Your stone body is resilient. (AC +4)
You are immune to poison.
You resist negative energy. (rN+)
You are resistant to electric shocks. (rElec)
You are resistant to unholy torment.
You are immune to petrification.


Message History

* * * LOW HITPOINT WARNING * * *
You sock the orc warrior!
You kill the orc warrior!
Okawaru is honoured by your kill. The hound barely misses you.
You barely miss the hound. The hound closely misses you.
The hound bites you but does no damage. The hound bites you but does no damage.
Okay, then.
The hound attacks as it pursues you! The hound bites you but does no damage.
The hound attacks as it pursues you!
The hound bites you but does no damage. x2
The orc priest casts a cantrip, but nothing happens.
The hound attacks as it pursues you!
The hound bites you but does no damage. x2
The hound completely misses you. The hound barely misses you.
The hound attacks as it pursues you! The hound bites you but does no damage.
The hound barely misses you. The hound attacks as it pursues you!
You block the hound's attack. The hound bites you but does no damage.
The hound attacks as it pursues you! The hound bites you but does no damage.
The hound barely misses you. The hound attacks as it pursues you!
The hound closely misses you. The hound bites you but does no damage.
The orc priest invokes the aid of Beogh against you.
Pain shoots through your body!
* * * LOW HITPOINT WARNING * * *
The hound bites you but does no damage. The hound bites you but does no damage.
You see here 4 javelins.
The orc priest looks satisfied for a moment.
The hound barely misses you. The hound barely misses you.
The hound attacks as it pursues you! The hound barely misses you.
The hound attacks as it pursues you! The hound barely misses you.
The hound closely misses you.
The orc priest calls down the wrath of Beogh upon you.
Beogh smites you!
* * * LOW HITPOINT WARNING * * *
The hound bites you.
You die...

#.##†#....#.#
#......####.#
#.......###.#
###...#.....#
#########........#.#
##.....#.......####.#
##...................#
#.......>.......####.#
#..............@.###.#
#.........(....h....>#
#...............####.#
#...............# #.#
.~ #...............#
#.# .~~
##............o#####.#
.~~
##.....#.....o..##..#
.~~
#########....(.....#
.~~ #...........# .~~


You could see a hound, an orc priest and an orc.

Vanquished Creatures
  Grinder (D:3)
  An orc warrior (D:4)
  A scorpion (D:3)
  A hound (D:4)
  2 iguanas
  Natasha (thrice) (D:3)
  An adder (D:2)
  4 dart slugs
  A ribbon worm (D:2)
  2 orcs
  9 endoplasms
  3 giant cockroaches
  10 goblins
  7 hobgoblins
  4 jackals (D:1)
  5 quokkas
  5 ball pythons
  8 bats
  3 frilled lizards
  3 kobolds
  8 rats
82 creatures vanquished.

Notes
Turn   | Place    | Note
-------+----------+-------------------------------------------
     0 | D:1      | shadizar the Gargoyle Fighter began the quest for the Orb.
     0 | D:1      | Reached XP level 1. HP: 14/14 MP: 1/1
    89 | D:1      | Reached XP level 2. HP: 19/19 MP: 2/2
   241 | D:1      | Reached XP level 3. HP: 23/23 MP: 3/3
   955 | D:2      | Reached skill level 1 in Dodging
   998 | D:2      | Reached XP level 4. HP: 29/29 MP: 4/4
  1603 | D:3      | Noticed Natasha
  1609 | D:3      | Killed Natasha
  1610 | D:3      | Reached skill level 4 in Fighting
  1610 | D:3      | Reached XP level 5. HP: 29/33 MP: 5/5
  1707 | D:3      | Noticed Natasha
  1712 | D:3      | Killed Natasha
  1815 | D:3      | Reached XP level 6. HP: 39/39 MP: 6/6
  1849 | D:3      | Noticed Grinder
  1863 | D:3      | Killed Grinder
  1864 | D:3      | Reached skill level 5 in Fighting
  1988 | D:3      | Noticed Natasha
  1999 | D:3      | Killed Natasha
  2000 | D:3      | Reached XP level 7. HP: 44/44 MP: 7/7
  2191 | D:4      | Found a staircase to the Ecumenical Temple.
  2245 | Temple   | Entered the Ecumenical Temple
  2277 | Temple   | Became a worshipper of Warmaster Okawaru
  2383 | D:4      | Slain by a hound

Illustrated notes

Levels and vault maps discovered:
D:1:      ncdulo_smallfort, layout_loops_corners, serial_park_tiny_1
D:2:      layout_rooms, hex_intersection, grunt_decor_fettered
D:3:      layout_rooms, uniq_natasha, uniq_grinder
D:4:      wad_lake_hut, layout_rooms, kennysheep_orc_sif_temple
Temple:   nicolae_temple_bog_church

Skill      XL: |  1  2  3  4  5  6 |
---------------+-------------------+-----
Dodging        | 1 2 |  2.4
Armour         | 4 |  4.8
Fighting       | 4 5 |  5.6
Shields        | 4 |  4.7
Maces & Flails | 3 |  3.7

Action                     |  1- 3 |  4- 6 |  7- 9 || total
---------------------------+-------+-------+-------++-------
  Melee: Flail             |   119 |   119 |    38 ||   276
    Use: Potion            |       |     1 |       ||     1
 Armour: Scale mail        |    89 |    91 |    46 ||   226
  Dodge: Dodged            |    62 |    60 |    21 ||   143
  Block: Buckler           |    25 |    24 |    14 ||    63

Table legend: (Time is in decaauts)
 A = Elapsed time spent in this place.
 B = Non-inter-level travel time spent in this place.
 C = Inter-level travel time spent in this place.
 D = Time resting spent in this place.
 E = Time spent auto-exploring this place.
 F = Levels seen in this place.
 G = Mean time per level.
                   A        B        C        D        E       F      G
               +--------+--------+--------+--------+--------+-----+--------+
         Total |   2490 |   2439 |     51 |      0 |   1665 |   5 |  498.0 |
       Dungeon |   2435 |   2384 |     51 |      0 |   1665 |   4 |  608.8 |
        Temple |     54 |     54 |      0 |      0 |      0 |   1 |   54.0 |
               +--------+--------+--------+--------+--------+-----+--------+

Top non-repeatable levels by time:
     D:1: 983 daAuts
     D:2: 640 daAuts
     D:3: 526 daAuts
     D:4: 285 daAuts
  Temple: 54 daAuts
